[ AOE2 MATCH · #505186286 ]
UnrankedKhmer vs Japanese
Player's team · WIN
Rival team · LOSS
[ REPLAY ANALYSIS · EXTRACTED FROM THE RECORDED GAME ]
Feudal
8:52
Castle
25:27
Imperial
45:20
| APM avg | 46.0 |
| APM peak | 87 |
| eAPM avg | 28.4 |
| Villagers / military | 145 / 74 |
Focus
⚔️ 39.4% · 🌾 60.6%
Ballista Elephant ×30 · Archer ×15 · Scout Cavalry ×14 · Monk ×7 · Skirmisher ×6 · Mangonel ×1
Feudal
8:58
Castle
24:45
Imperial
42:46
| APM avg | 57.0 |
| APM peak | 102 |
| eAPM avg | 24.2 |
| Villagers / military | 172 / 62 |
Focus
⚔️ 27.0% · 🌾 73.0%
Knight ×20 · Monk ×11 · Militia ×11 · Spearman ×10 · Battering Ram ×5 · Mangonel ×3
Match map
Initial resources + every placement click. Lines = walls · curves = elevation contours. ◆ gold · ⬟ stone · ● berries · ✦ relic · ◌ wall gap
Your base· Open — 4t gap
新竹's base· Open — unwalled flank
Smoothed initial terrain · ◌ = detected wall gap · hover for details
Inputs per minute
— Andre_2i - - 新竹
Build order — Andre_2i
First 150 of 447 actions detected
| 0:00 | Create | Villager (Male) |
| 0:01 | Build | House |
| 0:02 | Build | House |
| 0:09 | Create | Villager (Male) |
| 0:09 | Create | Villager (Male) |
| 0:21 | Create | Villager (Male) |
| 1:23 | Create | Villager (Male) |
| 1:59 | Create | Villager (Male) |
| 2:12 | Create | Villager (Male) |
| 2:45 | Create | Villager (Male) |
| 2:53 | Build | Lumber Camp |
| 3:11 | Create | Villager (Male) |
| 3:28 | Create | Villager (Male) |
| 3:53 | Build | House |
| 3:54 | Build | House |
| 4:03 | Create | Villager (Male) |
| 4:27 | Create | Villager (Male) |
| 4:50 | Create | Villager (Male) |
| 4:58 | Create | Villager (Male) |
| 5:06 | Build | Palisade Wall |
| 5:06 | Build | Palisade Wall |
| 5:08 | Build | Palisade Wall |
| 5:09 | Build | Palisade Wall |
| 5:46 | Create | Villager (Male) |
| 5:48 | Research | Loom |
| 6:42 | Research | Feudal Age |
| 7:46 | Build | Lumber Camp |
| 7:55 | Build | Palisade Wall |
| 7:59 | Create | Villager (Male) |
| 8:06 | Build | House |
| 8:23 | Build | Palisade Wall |
| 8:24 | Build | Palisade Wall |
| 8:26 | Build | House |
| 8:41 | Build | Mill |
| 8:52 | Age | Feudal Age |
| 8:54 | Create | Villager (Male) |
| 8:58 | Build | Archery Range |
| 9:08 | Create | Villager (Male) |
| 9:19 | Build | Watch Tower |
| 9:20 | Create | Villager (Male) |
| 9:33 | Create | Villager (Male) |
| 9:43 | Create | Skirmisher |
| 9:43 | Create | Skirmisher |
| 10:06 | Build | House |
| 10:25 | Create | Archer |
| 10:43 | Build | Palisade Wall |
| 10:44 | Build | Palisade Wall |
| 10:45 | Build | Palisade Wall |
| 10:46 | Create | Villager (Male) |
| 10:47 | Build | Farm |
| 10:56 | Build | Palisade Wall |
| 10:57 | Build | House |
| 11:02 | Create | Villager (Male) |
| 11:03 | Build | Farm |
| 11:06 | Build | Palisade Wall |
| 11:12 | Create | Skirmisher |
| 11:30 | Build | Mill |
| 11:43 | Create | Villager (Male) |
| 12:04 | Create | Villager (Male) |
| 12:12 | Create | Villager (Male) |
| 12:47 | Build | Farm |
| 12:49 | Build | Farm |
| 12:50 | Build | Farm |
| 12:54 | Create | Villager (Male) |
| 13:06 | Build | Palisade Wall |
| 13:08 | Create | Villager (Male) |
| 13:15 | Build | Farm |
| 13:17 | Build | Farm |
| 13:19 | Build | House |
| 13:21 | Build | Mining Camp |
| 13:22 | Create | Villager (Male) |
| 13:40 | Create | Skirmisher |
| 13:46 | Build | House |
| 13:51 | Create | Villager (Male) |
| 13:59 | Build | Market |
| 14:06 | Create | Villager (Male) |
| 14:15 | Create | Skirmisher |
| 14:15 | Create | Skirmisher |
| 14:26 | Create | Villager (Male) |
| 14:26 | Create | Archer |
| 14:30 | Build | House |
| 14:39 | Build | House |
| 14:42 | Build | Stone Wall |
| 14:44 | Build | Stone Wall |
| 14:48 | Create | Villager (Male) |
| 14:53 | Create | Villager (Male) |
| 14:58 | Build | Watch Tower |
| 15:06 | Build | Stone Wall |
| 15:10 | Build | Stone Wall |
| 15:15 | Create | Villager (Male) |
| 15:25 | Create | Archer |
| 15:42 | Create | Archer |
| 15:51 | Build | Farm |
| 15:56 | Build | Farm |
| 15:59 | Create | Archer |
| 16:13 | Create | Archer |
| 16:14 | Create | Villager (Male) |
| 16:18 | Build | Stone Wall |
| 16:27 | Create | Villager (Male) |
| 16:39 | Build | Blacksmith |
| 16:43 | Build | Stone Wall |
| 16:47 | Create | Villager (Male) |
| 16:50 | Create | Archer |
| 17:12 | Build | Farm |
| 17:25 | Research | Fletching |
| 17:34 | Build | Watch Tower |
| 17:45 | Create | Archer |
| 17:45 | Create | Villager (Male) |
| 17:45 | Create | Villager (Male) |
| 17:50 | Create | Archer |
| 18:08 | Create | Villager (Male) |
| 18:30 | Create | Villager (Male) |
| 18:38 | Build | House |
| 19:00 | Create | Archer |
| 19:01 | Create | Villager (Male) |
| 19:04 | Build | Lumber Camp |
| 19:14 | Build | Stone Wall |
| 19:19 | Build | Palisade Wall |
| 19:27 | Create | Archer |
| 19:32 | Create | Villager (Male) ×5 |
| 20:05 | Build | House |
| 20:10 | Research | Town Watch |
| 20:12 | Build | Farm |
| 20:13 | Build | Farm |
| 20:15 | Create | Villager (Male) |
| 20:30 | Build | Mining Camp |
| 20:38 | Create | Villager (Male) |
| 20:43 | Create | Villager (Male) ×3 |
| 20:52 | Build | Farm |
| 20:53 | Create | Villager (Male) |
| 21:03 | Build | Farm |
| 21:06 | Create | Villager (Male) |
| 22:03 | Build | Stone Wall |
| 22:05 | Build | Stone Wall |
| 22:05 | Build | Stone Wall |
| 22:07 | Build | Stone Wall |
| 22:08 | Create | Archer |
| 22:10 | Create | Villager (Male) |
| 22:26 | Create | Archer |
| 22:44 | Build | Palisade Wall |
| 22:47 | Research | Castle Age |
| 22:47 | Research | Castle Age |
| 22:54 | Build | Watch Tower |
| 23:02 | Build | House |
| 23:15 | Create | Archer |
| 23:25 | Research | Horse Collar |
| 23:41 | Build | Farm |
| 23:48 | Build | Farm |
| 23:51 | Create | Archer |
| 24:10 | Build | House |
Build order — 新竹
First 150 of 412 actions detected
| 0:00 | Create | Villager (Male) |
| 0:01 | Create | Villager (Male) |
| 0:01 | Create | Villager (Male) |
| 0:02 | Build | House |
| 0:04 | Build | House |
| 0:13 | Create | Villager (Male) |
| 1:26 | Create | Villager (Male) |
| 1:26 | Create | Villager (Male) |
| 2:06 | Create | Villager (Male) |
| 2:18 | Create | Villager (Male) |
| 2:18 | Create | Villager (Male) |
| 2:25 | Build | Lumber Camp |
| 2:44 | Create | Villager (Male) |
| 2:44 | Create | Villager (Male) |
| 2:51 | Build | House |
| 3:11 | Create | Villager (Male) |
| 3:11 | Create | Villager (Male) |
| 3:39 | Create | Villager (Male) |
| 3:39 | Create | Villager (Male) |
| 4:04 | Create | Villager (Male) |
| 4:04 | Create | Villager (Male) |
| 4:33 | Create | Villager (Male) |
| 5:11 | Create | Villager (Male) |
| 5:11 | Create | Villager (Male) |
| 5:11 | Create | Villager (Male) |
| 5:16 | Build | Mining Camp |
| 5:43 | Create | Villager (Male) |
| 5:44 | Research | Loom |
| 6:03 | Build | Palisade Wall |
| 6:21 | Build | House |
| 6:48 | Research | Feudal Age |
| 6:48 | Research | Feudal Age |
| 7:15 | Build | Barracks |
| 7:24 | Build | Mill |
| 7:44 | Build | House |
| 8:04 | Create | Militia ×2 |
| 8:45 | Create | Militia |
| 8:58 | Age | Feudal Age |
| 9:00 | Research | Man-at-Arms (upgrade) |
| 9:04 | Build | Watch Tower |
| 9:06 | Create | Villager (Male) |
| 9:06 | Create | Villager (Male) |
| 9:13 | Build | Farm |
| 9:38 | Create | Villager (Male) |
| 9:38 | Create | Villager (Male) |
| 9:38 | Create | Villager (Male) |
| 9:40 | Build | Mining Camp |
| 9:51 | Create | Villager (Male) |
| 9:51 | Create | Villager (Male) |
| 9:51 | Create | Villager (Male) |
| 10:06 | Build | Farm |
| 10:08 | Build | House |
| 10:21 | Create | Villager (Male) |
| 10:21 | Create | Villager (Male) |
| 10:36 | Create | Villager (Male) |
| 10:36 | Create | Villager (Male) |
| 10:36 | Create | Villager (Male) |
| 10:36 | Create | Villager (Male) |
| 11:00 | Create | Villager (Male) |
| 11:00 | Create | Villager (Male) |
| 11:00 | Create | Villager (Male) |
| 11:09 | Build | House |
| 11:26 | Build | Watch Tower |
| 11:32 | Create | Militia |
| 11:34 | Create | Villager (Male) |
| 11:34 | Create | Villager (Male) |
| 11:34 | Create | Villager (Male) |
| 11:35 | Create | Villager (Male) |
| 11:52 | Build | House |
| 12:22 | Create | Militia |
| 12:22 | Create | Militia |
| 12:43 | Create | Villager (Male) |
| 12:43 | Create | Villager (Male) |
| 12:44 | Create | Villager (Male) |
| 12:44 | Create | Villager (Male) |
| 12:44 | Create | Villager (Male) |
| 13:00 | Build | Palisade Wall |
| 13:01 | Build | Palisade Wall |
| 13:09 | Create | Villager (Male) |
| 13:09 | Create | Villager (Male) |
| 13:09 | Create | Villager (Male) |
| 13:13 | Build | Palisade Wall |
| 13:17 | Build | Palisade Wall |
| 13:34 | Build | Palisade Wall |
| 13:36 | Build | Palisade Wall |
| 13:41 | Create | Villager (Male) |
| 13:41 | Create | Villager (Male) |
| 13:41 | Create | Villager (Male) |
| 13:41 | Create | Villager (Male) |
| 13:57 | Research | Double-Bit Axe |
| 13:57 | Research | Double-Bit Axe |
| 13:57 | Research | Double-Bit Axe |
| 13:58 | Create | Villager (Male) |
| 13:58 | Create | Villager (Male) |
| 13:58 | Create | Villager (Male) |
| 14:02 | Build | Mill |
| 14:15 | Build | House |
| 14:23 | Build | Watch Tower |
| 14:32 | Create | Villager (Male) |
| 14:32 | Create | Villager (Male) |
| 14:32 | Create | Villager (Male) |
| 14:48 | Build | Watch Tower |
| 15:06 | Create | Villager (Male) |
| 15:06 | Create | Villager (Male) |
| 15:07 | Create | Villager (Male) |
| 15:07 | Create | Villager (Male) |
| 15:08 | Build | Farm |
| 15:13 | Build | House |
| 15:15 | Build | Farm |
| 15:16 | Build | Farm |
| 15:32 | Build | Blacksmith |
| 15:53 | Create | Villager (Male) |
| 15:53 | Create | Villager (Male) |
| 15:53 | Create | Villager (Male) |
| 15:53 | Create | Villager (Male) |
| 15:54 | Create | Villager (Male) |
| 15:55 | Build | Farm |
| 16:03 | Build | Watch Tower |
| 16:12 | Research | Fletching |
| 16:12 | Research | Fletching |
| 16:30 | Build | Farm |
| 16:32 | Build | Farm |
| 16:34 | Create | Villager (Male) |
| 16:34 | Create | Villager (Male) |
| 16:34 | Create | Villager (Male) |
| 16:34 | Create | Villager (Male) |
| 16:42 | Build | Palisade Wall |
| 16:43 | Build | Palisade Wall |
| 16:49 | Build | Palisade Wall |
| 17:00 | Create | Villager (Male) |
| 17:00 | Create | Villager (Male) |
| 17:00 | Create | Villager (Male) |
| 17:00 | Create | Villager (Male) |
| 17:00 | Create | Villager (Male) |
| 17:20 | Create | Militia ×2 |
| 17:20 | Create | Militia ×2 |
| 17:34 | Build | Farm |
| 17:35 | Build | Farm |
| 17:40 | Build | Watch Tower |
| 17:44 | Create | Villager (Male) |
| 17:44 | Create | Villager (Male) |
| 17:50 | Build | Palisade Wall |
| 18:14 | Create | Villager (Male) |
| 18:14 | Create | Villager (Male) |
| 18:15 | Create | Villager (Male) |
| 18:15 | Create | Villager (Male) |
| 18:17 | Build | Farm |
| 18:18 | Build | Farm |
| 18:18 | Build | Farm |
| 18:41 | Create | Villager (Male) |
Match timeline
| 5:06 | Andre_2i · wall_segment Palisade Wall x1 |
| 5:06 | Andre_2i · wall_segment Palisade Wall x1 |
| 5:08 | Andre_2i · wall_segment Palisade Wall x1 |
| 5:09 | Andre_2i · wall_segment Palisade Wall x1 |
| 6:03 | 新竹 · wall_segment Palisade Wall x1 |
| 7:15 | 新竹 · first_building Barracks |
| 7:55 | Andre_2i · wall_segment Palisade Wall x5 |
| 8:23 | Andre_2i · wall_segment Palisade Wall x1 |
| 8:24 | Andre_2i · wall_segment Palisade Wall x1 |
| 8:52 | Andre_2i · age_up feudal |
| 8:58 | 新竹 · age_up feudal |
| 8:58 | Andre_2i · first_building Archery Range |
| 10:43 | Andre_2i · wall_segment Palisade Wall x2 |
| 10:44 | Andre_2i · wall_segment Palisade Wall x1 |
| 10:45 | Andre_2i · wall_segment Palisade Wall x1 |
| 10:56 | Andre_2i · wall_segment Palisade Wall x1 |
| 11:06 | Andre_2i · wall_segment Palisade Wall x2 |
| 13:00 | 新竹 · wall_segment Palisade Wall x2 |
| 13:01 | 新竹 · wall_segment Palisade Wall x1 |
| 13:06 | Andre_2i · wall_segment Palisade Wall x8 |
| 13:13 | 新竹 · wall_segment Palisade Wall x2 |
| 13:17 | 新竹 · wall_segment Palisade Wall x1 |
| 13:34 | 新竹 · wall_segment Palisade Wall x3 |
| 13:36 | 新竹 · wall_segment Palisade Wall x3 |
| 14:42 | Andre_2i · wall_segment Stone Wall x1 |
| 14:44 | Andre_2i · wall_segment Stone Wall x1 |
| 14:55 | Andre_2i · first_market_sell 100 wood |
| 14:56 | Andre_2i · first_market_buy 100 stone |
| 15:06 | Andre_2i · wall_segment Stone Wall x2 |
| 15:10 | Andre_2i · wall_segment Stone Wall x1 |
| 16:18 | Andre_2i · wall_segment Stone Wall x1 |
| 16:42 | 新竹 · wall_segment Palisade Wall x2 |
| 16:43 | Andre_2i · wall_segment Stone Wall x1 |
| 16:43 | 新竹 · wall_segment Palisade Wall x1 |
| 16:49 | 新竹 · wall_segment Palisade Wall x1 |
| 17:50 | 新竹 · wall_segment Palisade Wall x5 |
| 19:14 | Andre_2i · wall_segment Stone Wall x3 |
| 19:19 | Andre_2i · wall_segment Palisade Wall x3 |
| 21:27 | 新竹 · first_market_buy 100 food |
| 21:30 | 新竹 · first_building Stable |
| 22:03 | Andre_2i · wall_segment Stone Wall x1 |
| 22:05 | Andre_2i · wall_segment Stone Wall x1 |
| 22:05 | Andre_2i · wall_segment Stone Wall x1 |
| 22:07 | Andre_2i · wall_segment Stone Wall x1 |
| 22:44 | Andre_2i · wall_segment Palisade Wall x8 |
| 24:13 | Andre_2i · wall_segment Stone Wall x1 |
| 24:45 | 新竹 · age_up castle |
| 24:52 | Andre_2i · wall_segment Palisade Wall x8 |
| 24:53 | Andre_2i · wall_segment Palisade Wall x1 |
| 24:56 | Andre_2i · wall_segment Palisade Wall x4 |
| 24:57 | Andre_2i · wall_segment Palisade Wall x4 |
| 25:06 | Andre_2i · wall_segment Palisade Wall x3 |
| 25:07 | Andre_2i · wall_segment Palisade Wall x1 |
| 25:09 | Andre_2i · wall_segment Palisade Wall x1 |
| 25:16 | Andre_2i · wall_segment Palisade Wall x1 |
| 25:18 | Andre_2i · wall_segment Palisade Wall x2 |
| 25:27 | Andre_2i · age_up castle |
| 25:36 | Andre_2i · wall_segment Palisade Wall x2 |
| 25:41 | Andre_2i · wall_segment Palisade Wall x1 |
| 25:42 | Andre_2i · wall_segment Palisade Wall x1 |
| 25:42 | Andre_2i · wall_segment Palisade Wall x1 |
| 26:01 | Andre_2i · first_building Monastery |
| 26:22 | 新竹 · first_building Siege Workshop |
| 26:39 | Andre_2i · first_building Castle |
| 28:05 | Andre_2i · wall_segment Stone Wall x1 |
| 28:05 | 新竹 · first_building Monastery |
| 28:08 | Andre_2i · wall_segment Stone Wall x1 |
| 30:40 | Andre_2i · first_building Siege Workshop |
| 30:55 | Andre_2i · wall_segment Palisade Wall x1 |
| 31:39 | Andre_2i · first_building Stable |
| 36:50 | 新竹 · first_building Castle |
| 42:46 | 新竹 · age_up imperial |
| 45:08 | 新竹 · first_market_sell 100 wood |
| 45:09 | Andre_2i · wall_segment Stone Wall x1 |
| 45:20 | Andre_2i · age_up imperial |
| 45:51 | 新竹 · resign |
[ AI ANALYSIS · 1 CREDIT ]
What really happened in this match?
Wolo.gg analyzes every decision: build order, eco, micro, common mistakes by bracket. Personalized analysis on WhatsApp or Discord in 30 seconds.
Civ guide
Khmer
Perfil
Jugador #635884